 Dungeon Crawl Stone Soup version 0.29.0-13-gc9e81de378 (webtiles) character file.

Game seed: 6202300933008182209

123 gebbletook2 the Trooper (level 4, 0/39 HPs)
             Began as a Mummy Fighter on Sept 11, 2022.
             Slain by an orc
             ... wielding a +0 club
              (4 damage)
             ... on level 3 of the Dungeon.
             The game lasted 00:02:06 (2362 turns).

gebbletook2 the Trooper (Mummy Fighter)             Turns: 2362, Time: 00:02:06

Health: 0/39       AC: 10    Str: 21    XL:     4   Next: 79%
Magic:  4/4        EV:  7    Int:  7    God:
Gold:   206        SH:  4    Dex: 11    Spells: 3/3 levels left

rFire   x . .      SeeInvis .   a - +0 war axe (freeze)
rCold   + . .      Faith    .   c - +0 buckler
rNeg    + + +      Spirit   .   i - +1 chain mail
rPois   ∞          Reflect  .   (no helmet)
rElec   .          Harm     .   (no cloak)
rCorr   .          Rampage  .   (no gloves)
Will    .....                   (no boots)
Stlth   ..........              (no amulet)
HPRegen 0.13/turn               (no ring)
MPRegen 0.09/turn               (no ring)

@: no status effects
A: cold resistance 1, negative energy resistance 3, torment resistance 2, heat
vulnerability 1, in touch with death 1, no potions
a: no special abilities


You were on level 3 of the Dungeon.
You visited 1 branch of the dungeon, and saw 3 of its levels.

You collected 206 gold pieces.

Inventory:

Hand Weapons
 a - a +0 war axe of freezing (weapon)
Missiles
 e - 4 poisoned darts (quivered)
Armour
 c - a +0 buckler (worn)
 i - a +1 chain mail (worn)
Wands
 g - a wand of flame (13)
Scrolls
 b - a scroll of immolation
 d - a scroll of enchant armour
 f - a scroll of summoning
 h - a scroll of enchant weapon {unknown}
 j - a scroll of teleportation
 k - a scroll of fear {unknown}


   Skills:
 + Level 5.0 Fighting
 - Level 1.5 Axes
 * Level 2.9 Armour
 - Level 2.4 Shields
 * Level 0.7 Evocations


You had 3 spell levels left.
You didn't know any spells.
Your spell library contained the following spells:

 Spells                   Type           Power      Damage    Failure   Level
 Slow                     Hex            0%         N/A       99%         1
 Confusing Touch          Hex            0%         N/A       100%        3
 Vampiric Draining        Necr           0%         2d6       100%        3


Dungeon Overview and Level Annotations

Branches:
Dungeon (3/15)

Altars:

Portals:
Sewer: D:3


Innate Abilities, Weirdness & Mutations

You are immune to poison.
Your flesh is cold resistant. (rC+)
You are immune to negative energy. (rN+++)
You are immune to unholy pain and torment.
You are vulnerable to heat. (rF-)
You are in touch with the powers of death.
You do not drink.


Message History

You hit the rat. You freeze the rat.
You kill the rat!
k - a scroll labelled VOLAYK YHUQOO You now have 206 gold pieces (gained 9).
Items here: ( ) †††††.
You hear the brisk rusting of a drain very nearby.
A river rat comes into view.
Items here: ( ) †††††.
Okay, then.
A ball python comes into view.
The ball python bites you but does no damage.
The ball python grabs you. The ball python constricts you.
You escape the ball python's grasp.
Found a stone staircase leading up.
The ball python bites you but does no damage.
The ball python grabs you. The ball python constricts you.
You escape the ball python's grasp.
Found a sling and a scroll of identify.
The orc shouts!
You slash the ball python! You freeze the ball python.
You kill the ball python!
Found a scroll of teleportation.
The river rat bites you but does no damage.
You closely miss the river rat. The river rat bites you.
You hit the river rat. You freeze the river rat.
The river rat is moderately wounded.
The river rat bites you! x2
* * * LOW HITPOINT WARNING * * *
You are too injured to fight recklessly!
You are too injured to fight recklessly!
You are too injured to fight recklessly!
You are too injured to fight recklessly!
You closely miss the river rat.
The river rat is moderately wounded.
You closely miss the orc. The river rat bites you.
* * * LOW HITPOINT WARNING * * *
The orc barely misses you.
You hit the river rat. You freeze the river rat.
The river rat is heavily wounded.
You barely miss the orc. The river rat barely misses you.
The orc hits you with a +0 club.
You die...

..........#
..........#
?..~~~....#
..~~~~~..>#
..~~∩~~..$#
..~~~~~...#######
...~~~.o....)....
# ......r@..#
..........#
##<#.#.##.# #####
#?.. #.# .....
#.## #.# ..... #.
#)# .^... # #.#
##### #.# ..# #.#


You could see a river rat and an orc.

Vanquished Creatures
  3 adders
  2 river rats (D:3)
  2 dart slugs (D:1)
  2 orcs (D:3)
  6 bats
  7 endoplasms
  A giant cockroach (D:3)
  5 hobgoblins
  2 jackals (D:3)
  3 quokkas
  10 ball pythons
  4 frilled lizards
  7 goblins
  5 kobolds
  11 rats
70 creatures vanquished.

Notes
Turn   | Place    | Note
-------+----------+-------------------------------------------
     0 | D:1      | gebbletook2 the Mummy Fighter began the quest for the Orb.
     0 | D:1      | Reached XP level 1. HP: 18/18 MP: 1/1
   135 | D:1      | Reached XP level 2. HP: 2/25 MP: 2/2
   651 | D:1      | Reached skill level 4 in Fighting
   848 | D:1      | Found a faded altar of an unknown god.
  1133 | D:1      | Gained mutation: You are in touch with the powers of death.
                  | [Mummy growth]
  1133 | D:1      | Reached XP level 3. HP: 29/30 MP: 3/3
  1956 | D:3      | Reached XP level 4. HP: 36/38 MP: 4/4
  2315 | D:3      | Found a glowing drain.
  2331 | D:3      | Reached skill level 5 in Fighting
  2362 | D:3      | Slain by an orc

Illustrated notes

Levels and vault maps discovered:
D:1:      dpeg_arrival_lava_altar, layout_basic,
          shapermc_ecumenical_altar_ellora, hex_large, lemuel_another_geyser
D:2:      layout_rooms, serial_forest, infiniplex_forest_straight_1,
          infiniplex_forest_clump_long, infiniplex_forest_straight_3,
          infiniplex_forest_end_2, infiniplex_forest_lined_room_2,
          infiniplex_forest_corner_1, infiniplex_forest_end_2,
          minmay_tetromino_l2
D:3:      layout_basic, lightli_temple_of_fire, portal_sewer_entry_a,
          uniq_terence

Skill      XL: |  1  2  3  4 |
---------------+-------------+-----
Fighting       | 4 5 |  5.0
Axes           | |  1.5
Armour         | |  2.9
Shields        | |  2.4
Evocations     | |  0.7

Action                   |  1- 3 |  4- 6 || total
-------------------------+-------+-------++-------
Melee: War axe           |   130 |    47 ||   177
  Use: Scroll            |     6 |       ||     6
Armor: Scale mail        |    57 |       ||    57
       Chain mail        |    15 |    32 ||    47
Dodge: Dodged            |    62 |    22 ||    84
Block: Buckler           |    31 |     4 ||    35
